 Dungeon Sprint DCSS version 0.19.1-1-g22dce08 (webtiles) character file.

941 Ponchio the Thaumaturge (level 7, -7/36 HPs)
             Began as a Deep Elf Fire Elementalist on Jan 5, 2017.
             Was an Initiate of Vehumet.
             Killed from afar by a red draconian (34 damage)
             ... with a searing blast
             ... in the Dungeon (Sprint V: "Ziggurat Sprint").
             The game lasted 00:05:54 (202 turns).

Ponchio the Thaumaturge (Deep Elf Fire Elementalist) Turns: 202, Time: 00:05:54

Health: -7/36      AC:  2    Str:  5    XL:     7   Next: 88%
Magic:  22/32      EV: 13    Int: 40    God:    Vehumet [......]
Gold:   0          SH:  0    Dex: 15    Spells: 2 memorised, 28 levels left

rFire  . . .     SeeInvis .     I - +6 Majin-Bo {vamp, Archmagi MP+6 Int+6}
rCold  . . .     Gourm    .     a - +0 robe
rNeg   . . .     Faith    .     (shield currently unavailable)
rPois  .         Spirit   .     (no helmet)
rElec  .         Reflect  .     (no cloak)
rCorr  .         Harm     .     (no gloves)
MR     .....     NoTele   +     (no boots)
Stlth  ++........               (no amulet)
                                B - +6 ring of intelligence
                                A - +6 ring of intelligence

@: very slightly contaminated, hasted, very quick
A: no striking features
a: Renounce Religion


You were in the Dungeon.
You worshipped Vehumet.
Vehumet was noncommittal.
You were not hungry.

You visited 1 branch

Inventory:

Hand Weapons
 I - the +6 Majin-Bo (weapon) {vamp, Archmagi MP+6 Int+6}
   (You found it in the Dungeon)

   It inflicts no extra harm, but heals its wielder when it wounds a living foe.
   It affects your intelligence (+6).
   It affects your magic capacity (+6).
Armour
 a - a +0 robe (worn)
 J - the +15 Maxwell's patent armour {-Cast -Tele rElec MR+ rCorr}
   (You found it in the Dungeon)

   It insulates you from electricity.
   It affects your resistance to hostile enchantments.
   It prevents spellcasting.
   It prevents most forms of teleportation.
   It protects you from acid and corrosion.
Jewellery
 y - a +6 ring of dexterity
 z - a +6 ring of dexterity
 A - a +6 ring of intelligence (left hand)
 B - a +6 ring of intelligence (right hand)
 C - a +6 ring of strength
 D - a +6 ring of strength
Wands
 E - a wand of disintegration (5/24)
 F - a wand of iceblast (3/15)
 G - a wand of lightning (4/15)
 H - a wand of acid (5/15)
Scrolls
 i - 4 scrolls of blinking
 p - 4 scrolls of amnesia
 q - 3 scrolls of recharging
 r - 7 scrolls of fog
 s - a scroll of holy word
 t - 5 scrolls of identify
 u - 5 scrolls of remove curse
 v - 2 scrolls of fear
Potions
 d - 10 potions of curing
 e - 10 potions of heal wounds
 f - 5 potions of haste
 g - 7 potions of magic
 h - 3 potions of berserk rage
 j - 2 potions of brilliance
 k - 2 potions of invisibility
 l - 4 potions of resistance
 n - 5 potions of agility
 o - 5 potions of might
Books
 b - a book of Flames

   Spells                             Type                      Level
   a - Flame Tongue                   Conjuration/Fire             1
   b - Throw Flame                    Conjuration/Fire             2
   c - Conjure Flame                  Conjuration/Fire             3
   d - Inner Flame                    Hexes/Fire                   3
   e - Sticky Flame                   Conjuration/Fire             4
   f - Fireball                       Conjuration/Fire             5
 K - Sif Muna's Incunabulum of the Destructive Mountains
   (You found it in the Dungeon)

   Spells                             Type                      Level
   a - Sandblast                      Earth                        1
   b - Throw Frost                    Conjuration/Ice              2
   c - Mephitic Cloud                 Conjuration/Poison/Air       3
   d - Stone Arrow                    Conjuration/Earth            3
   e - Force Lance                    Conjuration/Translocation    4
   f - Conjure Ball Lightning         Conjuration/Air              6
Comestibles
 c - 5 bread rations
 m - 4 chunks of flesh
 w - 39 fruits
 x - 4 meat rations


   Skills:
 + Level 2.4 Dodging
 - Level 2.4 Stealth
 + Level 14.2 Spellcasting
 + Level 12.0 Conjurations
 - Level 3.2 Fire Magic
 - Level 8.0 Evocations


You had 28 spell levels left.
You knew the following spells:

 Your Spells              Type           Power        Failure   Level  Hunger
a - Flame Tongue          Conj/Fire      #####        1%          1    None
b - Fireball              Conj/Fire      #######...   1%          5    None


Dungeon Overview and Level Annotations

Branches:
Dungeon (1/1)

Altars:
Ashenzari
Cheibriados
Dithmenos
Elyvilon
Fedhas
Gozag
Hepliaklqana
Kikubaaqudgha
Makhleb
Nemelex Xobeh
Okawaru
Qazlal
Ru
Sif Muna
Trog
Uskayaw
Vehumet
Xom
Yredelemnul
Zin
The Shining One
Beogh
Jiyva
Lugonu


Message History

Unknown command.
Casting: Fireball
Confirm with . or Enter, or press ? or * to list all spells.
Aiming: Fireball
Press: ? - help, Shift-Dir - straight line, f - red draconian, p - draconian
Aim: a red draconian, wielding a long sword (lightly wounded)
You feel a surge of power!
The fireball explodes!
The fireball engulfs the red draconian.
The red draconian resists.
The red draconian is moderately wounded.
The fireball engulfs the draconian.
The draconian is almost dead.
Evoke which item? (* to show all) (? for menu, Esc to quit)
Zapping:
E - a wand of disintegration (6/24)
Press: ? - help, Shift-Dir - straight line, f - draconian, p - red draconian
Aim: a draconian, wielding a flail and wearing the ring of Cowardice {+Fly rPois Dex+7 Slay-5} (chance to defeat MR: 89%)
The draconian barely resists.
This wand has 5 charges left.
The red draconian breathes flames at you.
The searing blast hits you!
Ouch! That really hurt!
You die...

▓▓▓▓▓▓▓▓▓▓▓▓▓
▓.8©8.▓.8©8.▓
▓.[.|.▓.....▓
▓.....▓...[.▓
▓.....▓..)..▓
▓..d..▓..)..▓
▓..dd.▓.....▓
▓..@..▓▓▓▓▓▓▓
▓▓▓▓▓▓▓


You could see a red draconian and 2 draconians.

Vanquished Creatures
  A deep elf knight (D)
  A deep elf mage (D)
2 creatures vanquished.

Notes
Turn   | Place    | Note
-------+----------+-------------------------------------------
     0 | D        | Ponchio the Deep Elf Fire Elementalist began the quest for the Orb.
     0 | D        | Reached XP level 1. HP: 10/10 MP: 6/6
     0 | D        | Found a deep blue altar of Sif Muna.
     0 | D        | Found a bloodstained altar of Trog.
     0 | D        | Found a sacrificial altar of Ru.
     0 | D        | Found a stormy altar of Qazlal.
     0 | D        | Found an iron altar of Okawaru.
     1 | D        | Found a sparkling altar of Nemelex Xobeh.
     1 | D        | Found a blossoming altar of Fedhas.
     3 | D        | Found an ancient bone altar of Kikubaaqudgha.
     3 | D        | Found a viscous altar of Jiyva.
     3 | D        | Found a corrupted altar of Lugonu.
     3 | D        | Found a hazy altar of Hepliaklqana.
     3 | D        | Found a burning altar of Makhleb.
     3 | D        | Found an opulent altar of Gozag.
    39 | D        | Reached XP level 2. HP: 15/15 MP: 8/9
    54 | D        | Became a worshipper of Vehumet
    66 | D        | Entered arena 1.
    66 | D        | Noticed a deep elf knight
    66 | D        | Noticed a deep elf mage
    68 | D        | Killed a deep elf knight
    68 | D        | Reached skill level 12 in Spellcasting
    68 | D        | Reached skill level 10 in Conjurations
    68 | D        | Reached XP level 3. HP: 12/19 MP: 13/19
    68 | D        | Reached XP level 4. HP: 15/24 MP: 13/20
    68 | D        | Reached XP level 5. HP: 17/28 MP: 14/22
    68 | D        | Reached XP level 6. HP: 20/32 MP: 14/23
    68 | D        | Reached XP level 7. HP: 23/36 MP: 14/25
    69 | D        | Killed a deep elf mage
    69 | D        | Reached skill level 14 in Spellcasting
    86 | D        | Learned a level 5 spell: Fireball
   194 | D        | Identified Sif Muna's Incunabulum of the Destructive Mountains (You found it in the Dungeon)
   197 | D        | Entered arena 2.
   197 | D        | Noticed a draconian
   197 | D        | Noticed a draconian
   197 | D        | Noticed a red draconian
   202 | D        | Killed from afar by a red draconian

Skill      XL: |  1  2  3  4  5  6  7 |
---------------+----------------------+-----
Evocations     | 8 |  8.0
Spellcasting   | 12 14 | 14.2
Conjurations   | 10 12 | 12.0
Dodging        | |  2.4
Stealth        | |  2.4
Fire Magic     | |  3.2

Action                   |  1- 3 |  4- 6 |  7- 9 || total
-------------------------+-------+-------+-------++-------
 Cast: Fireball          |       |       |     2 ||     2
Evoke: Wand              |     1 |       |     4 ||     5
  Use: Potion            |     1 |       |     1 ||     2
  Eat: Fruit             |     3 |       |       ||     3
